 Dungeon Crawl Stone Soup version 0.30-a0-737-gf23d94013f (webtiles) character file.

Game seed: 15191062249928107133

317 Ijustatesigmund the Magician (level 6, -1/35 HPs)
             Began as a Deep Elf Earth Elementalist on Feb 2, 2023.
             Slain by a rat (3 damage)
             ... on level 4 of the Dungeon.
             The game lasted 00:10:19 (3548 turns).

Ijustatesigmund the Magician (DEEE)                 Turns: 3548, Time: 00:10:20

Health: -1/35      AC:  3    Str:  5    XL:     6   Next: 20%
Magic:  15/16      EV: 12    Int: 22    God:
Gold:   197        SH:  0    Dex: 15    Spells: 10/16 levels left

rFire   . . .      SeeInvis .    f - +5 spear (venom)
rCold   . . .      Faith    .    (no shield)
rNeg    . . .      Spirit   .    a - +0 robe
rPois   .          Reflect  .    l - +0 helmet
rElec   .          Harm     .    n - scarf {+Inv}
rCorr   .          Rampage  .    (no gloves)
Will    .....                    (no boots)
Stlth   ++                       (no amulet)
HPRegen 0.25/turn                (no ring)
MPRegen 0.15/turn                (no ring)

@: no status effects
A: no striking features
a: Evoke Invisibility


You were on level 4 of the Dungeon.
You visited 2 branches of the dungeon, and saw 5 of its levels.

You collected 245 gold pieces.
You spent 48 gold pieces at shops.

Inventory:

Hand Weapons
 e - a +2 dagger of speed
 f - a +5 spear of venom (weapon)
Missiles
 i - 6 silver javelins
Armour
 a - a +0 robe (worn)
 l - a +0 helmet (worn)
 n - a scarf of invisibility (worn)
Wands
 g - a wand of paralysis (7)
 o - a wand of digging (4)
Scrolls
 c - a scroll of fear
 j - a scroll of blinking
 s - a scroll of teleportation
 u - a scroll of identify
Potions
 b - 2 potions of magic
 d - 2 potions of lignification
 h - a potion of mutation
 k - a potion of degeneration {unknown}
 m - a potion of resistance
 p - a potion of might {unknown}
 q - 2 potions of heal wounds {unknown}
 r - a potion of brilliance {unknown}
 t - a potion of flight {unknown}


   Skills:
 + Level 1.8 Fighting
 - Level 2.4 Dodging
 - Level 2.4 Stealth
 + Level 5.5 Spellcasting
 + Level 2.2 Conjurations
 - Level 1.7 Transmutations
 + Level 5.1 Earth Magic


You had 10 spell levels left.
You knew the following spells:

 Your Spells              Type           Power      Damage    Failure   Level
a - Sandblast             Erth           56%        2d13      1%          1
b - Stone Arrow           Conj/Erth      44%        3d9       6%          3
c - Passwall              Tmut/Erth      17%        N/A       3%          2

Your spell library contained the following spells:

 Spells                   Type           Power      Damage    Failure   Level
 Shock                    Conj/Air       40%        1d5       6%          1
 Petrify                  Tmut/Erth      21%        N/A       22%         4
 Swiftness                Air            6%         N/A       28%         3
 Airstrike                Air            3%         2d(1-17)  67%         4


Dungeon Overview and Level Annotations

Branches:
Dungeon (4/15)             Temple (1/1) D:4

Altars:
Ashenzari
Cheibriados
Dithmenos
Elyvilon
Fedhas
Gozag
Hepliaklqana
Kikubaaqudgha
Makhleb
Nemelex Xobeh
Okawaru
Qazlal
Sif Muna
Uskayaw
Wu Jian
Xom
Yredelemnul
Zin
The Shining One

Shops:
D:4 ((*(


Message History

The worm is heavily wounded.
The worm splashes around in the water.
The rat closely misses you.
You barely miss the worm.
The worm is heavily wounded.
The worm closely misses you. The rat completely misses you.
The worm splashes around in the water.
You hit the worm.
The worm is almost dead.
You kill the worm!
The rat bites you but does no damage. The worm bites you!
You barely miss the river rat. The river rat barely misses you.
The rat bites you but does no damage.
You hit the river rat.
The river rat is poisoned.
The river rat is lightly wounded.
The river rat closely misses you. The rat misses you. The worm misses you.
You barely miss the river rat. Your punch misses the river rat.
The river rat is lightly wounded.
The river rat bites you! The rat bites you but does no damage.
The worm completely misses you.
You are too injured to fight recklessly!
You are too injured to fight recklessly!
You are too injured to fight recklessly!
You are too injured to fight recklessly!
You are too injured to fight recklessly!
You are too injured to fight recklessly!
You are too injured to fight recklessly!
You are too injured to fight recklessly!
You are too injured to fight recklessly!
You are too injured to fight recklessly!
Casting: Sandblast (safe; 1% risk of failure)
Confirm with . or Enter, or press ? or * to list all spells.
Aiming: Sandblast (safe; 1% risk of failure)
Press: ? - help, Shift-Dir - straight line, f - worm
Aim: a worm (94% to hit)
The blast of sand hits the worm!!
You kill the worm!
The river rat bites you!
* * * LOW HITPOINT WARNING * * *
The rat bites you.
You die...

#...().........
#.#.#.......#..
#.#.#.......#.#
#.#.#.......#..
# ###
###.#.......###
~~~~~
###.#########
~~#~#~####..!#
.r.~~~r~r$#.##
.....~†@....#
........./###
.............
##############


You could see a river rat (very poisoned) and 2 rats.

Vanquished Creatures
  A necrophage (D:4)
  An orc priest (D:4)
  A gnoll bouda (D:3)
  4 gnolls
  4 adders
  5 worms
  3 dart slugs
  12 orcs
  14 ball pythons
  9 endoplasms
  6 giant cockroaches
  6 hobgoblins
  2 quokkas
  10 bats
  4 frilled lizards
  6 goblins
  7 kobolds
  11 rats
106 creatures vanquished.

Notes
Turn   | Place    | Note
-------+----------+-------------------------------------------
     0 | D:1      | Ijustatesigmund the Deep Elf Earth Elementalist began the
                  | quest for the Orb.
     0 | D:1      | Reached XP level 1. HP: 10/10 MP: 6/6
   129 | D:1      | Reached XP level 2. HP: 15/15 MP: 5/8
   314 | D:1      | Reached XP level 3. HP: 9/19 MP: 6/10
   704 | D:1      | Found a faded altar of an unknown god.
  1199 | D:2      | Reached XP level 4. HP: 10/24 MP: 12/12
  1755 | D:2      | Learned a level 3 spell: Stone Arrow
  2227 | D:3      | Reached skill level 1 in Fighting
  2232 | D:3      | Reached XP level 5. HP: 29/29 MP: 8/14
  2235 | D:3      | Reached skill level 5 in Spellcasting
  2236 | D:3      | Reached skill level 1 in Conjurations
  2671 | D:4      | Found Wavvinaa's Antique Weapon Shop.
  2702 | D:4      | Found a staircase to the Ecumenical Temple.
  2721 | Temple   | Entered the Ecumenical Temple
  2845 | D:4      | Found Ruraug's Weapon Boutique.
  2910 | D:4      | Reached skill level 5 in Earth Magic
  2914 | D:4      | Reached XP level 6. HP: 16/35 MP: 9/16
  3069 | D:4      | Learned a level 2 spell: Passwall
  3163 | D:4      | Found Beliseah's Assorted Antiques.
  3201 | D:4      | Found Rog Korch's Weapon Emporium.
  3215 | D:4      | Found a hazy altar of Hepliaklqana.
  3216 | D:4      | Found an opulent altar of Gozag.
  3216 | D:4      | Found an ornate altar of the Wu Jian Council.
  3313 | D:4      | Bought a ruby potion for 24 gold pieces
  3313 | D:4      | Bought a fizzy orange potion for 24 gold pieces
  3548 | D:4      | Slain by a rat

Illustrated notes

Levels and vault maps discovered:
D:1:      nicolae_arrival_memento_mori, layout_basic,
          dreamdust_ecumenical_altar_hidden_monk_grotto, st_stairs_10
D:2:      layout_basic, minmay_quantized
D:3:      layout_basic
D:4:      layout_loops_cross, chequers_temple_overflow_statue_of_worship,
          minmay_temple_entry_statues_fountains, lightli_sewer_entry_pipes,
          serial_shops, nicolae_diamond_shop, shop_statue,
          nicolae_shop_bloodbath_and_beyond, nicolae_shop_stone
Temple:   lightli_temple_of_artemis

Skill      XL: |  1  2  3  4  5  6 |
---------------+-------------------+-----
Spellcasting   | 4 5 |  5.5
Earth Magic    | 4 5 |  5.1
Fighting       | 1 |  1.8
Conjurations   | 1 2 |  2.2
Dodging        | |  2.4
Stealth        | |  2.4
Transmutations | |  1.7

Action                     |  1- 3 |  4- 6 || total
---------------------------+-------+-------++-------
  Melee: Dagger            |    11 |       ||    11
         Spear             |    48 |    80 ||   128
         Punch             |       |     1 ||     1
   Cast: Sandblast         |    24 |    38 ||    62
         Stone Arrow       |       |     5 ||     5
         Passwall          |       |     1 ||     1
    Use: Scroll            |     3 |     7 ||    10
         Potion            |     2 |       ||     2
   Stab: Sleeping          |     4 |    11 ||    15
 Armour: Robe              |    19 |    10 ||    29
         Skin              |     2 |       ||     2
  Dodge: Dodged            |    23 |    42 ||    65

Table legend: (Time is in decaauts)
 A = Elapsed time spent in this place.
 B = Non-inter-level travel time spent in this place.
 C = Inter-level travel time spent in this place.
 D = Time resting spent in this place.
 E = Time spent auto-exploring this place.
 F = Levels seen in this place.
 G = Mean time per level.
                   A        B        C        D        E       F      G
               +--------+--------+--------+--------+--------+-----+--------+
         Total |   3598 |   3509 |     89 |    472 |   2248 |   5 |  719.6 |
       Dungeon |   3558 |   3469 |     89 |    472 |   2248 |   4 |  889.5 |
        Temple |     39 |     39 |      0 |      0 |      0 |   1 |   39.0 |
               +--------+--------+--------+--------+--------+-----+--------+

Top non-repeatable levels by time:
     D:2: 1010 daAuts
     D:1: 942 daAuts
     D:4: 857 daAuts
     D:3: 747 daAuts
  Temple: 39 daAuts
